 Dungeon Crawl Stone Soup version 0.15-a0-1115-g12a312a (console) character file.

3 gw the Chucker (level 1, -1/22 HPs)
             Began as an Ogre Hunter on May 28, 2014.
             Slain by a gnoll
             ... wielding a +0,+0 spear
              (2 damage)
             ... on Level 1 of the Dungeon.
             The game lasted 00:00:03 (48 turns).

gw the Chucker (Ogre Hunter)                          Turns: 48, Time: 00:00:03

HP  -1/22        AC  3     Str 16      XL: 1   Next: 50%
MP   1/1         EV 10     Int 10      God:
Gold 0           SH  0     Dex 10      Spells:  0 memorised,  0 levels left

rFire  . . .     SeeInvis .     a - +1 club
rCold  . . .     Clarity  .     d - +0 animal skin
rNeg   . . .     Conserve .     (shield restricted)
rPois  .         rCorr    .     (helmet restricted)
rElec  .         rRot     .     (no cloak)
SustAb .         Spirit   .     (gloves unavailable)
rMut   .         Warding  .     (boots unavailable)
Gourm  .         Stasis   .     (no amulet)
MR     .....                    (no ring)
                                (no ring)

@: not resistant to hostile enchantments, very unstealthy
A: unfitting armour, tough skin 1
a: no special abilities


You were on level 1 of the Dungeon.
You were not hungry.

You visited 1 branch of the dungeon, and saw 1 of its levels.

Inventory:

Hand weapons
 a - a +1,+1 club (weapon)
Missiles
 c - 3 throwing nets (quivered)
Armour
 d - a +0 animal skin (worn)
Comestibles
 f - a meat ration
 g - a beef jerky


   Skills:
 + Level 2.6 Fighting
 * Level 1.8 Maces & Flails
 + Level 4.4 Throwing
 + Level 1.8 Dodging
 - Level 0.7 Stealth


You couldn't memorise any spells.
You didn't know any spells.

Dungeon Overview and Level Annotations

Branches:
Dungeon (1/15)

Altars:


Innate Abilities, Weirdness & Mutations

You are too large for most types of armour.
You have tough skin (AC +1).


Message History

The gnoll hits you with a spear.
FLEEEEING!
MOVING TO (8,8)
The gnoll hits you from afar with a spear.
You see here 10 poisoned needles.
MOVING TO (7,7)
Found a stone staircase leading down.
MOVING TO (6,6) MOVING TO (5,5) FLEEEEING!
ATTACKING (-1,0)
The gnoll hits you with a spear.
MOVING TO (8,8)
The gnoll hits you from afar with a spear!
FLEEEEING!
ATTACKING (-1,0)
The gnoll hits you but does no damage.
MOVING TO (8,8)
The gnoll hits you from afar with a spear.
You die...

#.#
#.........#
#.#
###.......#
#.#
#........#
#.#
#(......##
#.#
###......##
#.#
###....#####
.
#.....(...#
#.#(......#
##.#...g.O#
#(.#.#####
>.###.# ..
..# ...#
.#..# .


You could see a gnoll.

Table legend:
 A = Turns spent in this place as a percentage of turns spent in the entire game.
 B = Non-inter-level travel turns spent in this place as a percentage of non-inter-level travel turns spent in the entire game.
 C = Inter-level travel turns spent in this place as a percentage of turns spent in this place.
 D = Turns resting spent in this place as a percentage of non-inter-level travel turns spent in this place.
 E = Turns spent auto-exploring this place as a percentage of non-inter-level travel turns spent in this place.
 F = Non-inter-level travel turns spent in this place divided by the number of levels of this place that you've seen.
                   A       B       C       D       E      F
               +-------+-------+-------+-------+-------+----------------------
         Total | 100.0 | 100.0 |   0.0 |   0.0 |  31.8 |  22.0
       Dungeon | 100.0 | 100.0 |   0.0 |   0.0 |  31.8 |  22.0
               +-------+-------+-------+-------+-------+----------------------

Table legend:
 A = Kills in this place as a percentage of kills in entire the game.
 B = Kills by you in this place as a percentage of kills by you in the entire game.
 C = Kills by friends in this place as a percentage of kills by friends in the entire game.
 D = Other kills in this place as a percentage of other kills in the entire game.
 E = Experience gained in this place as a percentage of experience gained in the entire game.
 F = Experience gained in this place divided by the number of levels of this place that you have seen.
                   A       B       C       D       E      F
               +-------+-------+-------+-------+-------+----------------------
         Total | 100.0 | 100.0 |  -nan |  -nan | 100.0 |   5.0
       Dungeon | 100.0 | 100.0 |  -nan |  -nan | 100.0 |   5.0
               +-------+-------+-------+-------+-------+----------------------

Vanquished Creatures
  2 bats (D:1)
  A goblin (D:1)
3 creatures vanquished.

Notes
Turn   | Place    | Note
--------------------------------------------------------------
     0 | D:1      | gw, the Ogre Hunter, began the quest for the Orb.
     0 | D:1      | Reached XP level 1. HP: 22/22 MP: 1/1
    46 | D:1      | HP: 1/22 [gnoll/spear (8)]
    48 | D:1      | Slain by a gnoll

Action                   || total
-------------------------++-------
Throw: Large rock        ||     5

Vault maps used:
D:1:      lemuel_arrival_behind_the_door_small, st_stairs_7, minmay_misc_feat_x,
          minmay_misc_feat_ornament
